 Dungeon Crawl Stone Soup version 0.17-a0-461-g772d41b (webtiles) character file.

163 thefran the Digger (level 5, -4/29 HPs)
             Began as a Gargoyle Earth Elementalist on Apr 5, 2015.
             Slain by a worker ant (6 damage)
             ... on level 4 of the Dungeon.
             The game lasted 00:25:49 (4004 turns).

thefran the Digger (Gargoyle Earth Elementalist)    Turns: 4004, Time: 00:25:50

Health: -4/29      AC:  8    Str: 12    XL:     5   Next: 44%
Magic:  6/9        EV: 11    Int: 15    God:
Gold:   244        SH:  3    Dex: 11    Spells: 2 memorised, 6 levels left

rFire  . . .     SeeInvis .     n - +0 whip
rCold  . . .     Clarity  .     c - +0 robe
rNeg   + . .     SustAb   .     v - +0 buckler (curse)
rPois  ∞         Gourm    .     (no helmet)
rElec  +         Spirit   .     (no cloak)
rCorr  .         Warding  .     (no gloves)
rMut   .         Stasis   .     (no boots)
MR     .....                    (no amulet)
Stlth  ++........               (no ring)
                                (no ring)

@: stone skin, not resistant to hostile enchantments, unstealthy
A: negative energy resistance 1, electricity resistance, unbreathing,
petrification resistance, rot immunity, AC +4
a: no special abilities


You were on level 4 of the Dungeon.
You were full.

You visited 1 branch of the dungeon, and saw 4 of its levels.

You collected 244 gold pieces.

Inventory:

Hand weapons
 n - a +0 whip (weapon)
Missiles
 b - 69 stones
 m - 8 tomahawks (quivered)
Armour
 c - a +0 robe (worn)
 v - a cursed +0 buckler (worn)
Jewellery
 u - an uncursed amulet of warding {unknown}
 y - an uncursed ring of wizardry {unknown}
Magical devices
 t - a wand of polymorph (23)
Scrolls
 e - 2 scrolls of recharging
 g - a scroll of enchant armour {unknown}
 h - 3 scrolls of remove curse {unknown}
 i - a scroll of enchant weapon {unknown}
 l - 5 scrolls of identify {unknown}
 r - a scroll of noise {unknown}
Potions
 j - a potion of restore abilities {unknown}
 k - a potion of magic {unknown}
 q - a potion of agility {unknown}
 s - a potion of might {unknown}
 z - a potion of curing {unknown}
 B - a potion of lignification {unknown}
Books
 d - a book of Geomancy

   Spells                             Type                      Level
   a - Sandblast                      Earth                        1
   b - Stoneskin                      Transmutation/Earth          2
   c - Passwall                       Transmutation/Earth          3
   d - Stone Arrow                    Conjuration/Earth            3
   e - Petrify                        Transmutation/Earth          4
   f - Lee's Rapid Deconstruction     Earth                        5
 w - a book of Conjurations

   Spells                             Type                      Level
   a - Magic Dart                     Conjuration                  1
   b - Searing Ray                    Conjuration                  2
   c - Dazzling Spray                 Conjuration/Hexes            3
   d - Fulminant Prism                Conjuration/Hexes            4
   e - Iskenderun's Mystic Blast      Conjuration                  4
   f - Iskenderun's Battlesphere      Conjuration/Charms           5
Comestibles
 a - 3 bread rations
 o - 10 fruits
 p - a beef jerky
 x - a royal jelly


   Skills:
 + Level 1.0 Fighting
 + Level 2.6 Dodging
 - Level 2.3 Stealth
 + Level 0.4 Unarmed Combat
 - Level 2.8 Spellcasting
 + Level 0.7 Transmutations
 * Level 5.4 Earth Magic


You had 6 spell levels left.
You knew the following spells:

 Your Spells              Type           Power        Failure   Level  Hunger
a - Sandblast             Erth           ###...       4%          1    #......
b - Stoneskin             Trmt/Erth      ##......     17%         2    ##.....


Dungeon Overview and Level Annotations

Branches:
Dungeon (4/15)
 Temple: D:4-7

Altars:
Ashenzari
Fedhas
Gozag
Nemelex Xobeh
Qazlal
Zin
The Shining One


Innate Abilities, Weirdness & Mutations

You are resistant to torment.
Your stone body is resilient (AC +4).
You are immune to poison.
You resist negative energy.
You are resistant to electric shocks.
You can survive without breathing.
You are immune to petrification.
You are immune to rotting.


Message History

The worker ant bites you but does no damage.
Casting: Sandblast
Confirm with . or Enter, or press ? or * to list all spells.
Your skin hardens.
The worker ant bites you but does no damage.
You hit the worker ant but do no damage.
The worker ant is almost dead.
The worker ant bites you.
* * * LOW HITPOINT WARNING * * *
You hit the worker ant.
The worker ant is almost dead.
The worker ant bites you but does no damage. x2
You closely miss the worker ant.
The worker ant is almost dead.
You block the worker ant's attack.
You closely miss the worker ant.
The worker ant is almost dead.
The worker ant bites you but does no damage.
The worker ant bites you.
You die...

#########
.....(.
##.###.a.#
#......@.#
....###...#
.......
...........
#..#.##.###.##
. .. #.# .# ##
... # .## .


You could see a worker ant.

Vanquished Creatures
  3 gnolls (D:3)
  4 adders
  2 worms (D:3)
  An ooze (D:1)
  2 giant geckos
  2 orcs (D:3)
  2 ball pythons
  4 giant cockroaches
  8 hobgoblins
  14 jackals
  7 kobolds
  12 bats
  6 giant newts
  3 goblins
  A quokka (D:2)
  9 rats
80 creatures vanquished.

Notes
Turn   | Place    | Note
--------------------------------------------------------------
     0 | D:1      | thefran, the Gargoyle Earth Elementalist, began the quest for the Orb.
     0 | D:1      | Reached XP level 1. HP: 10/10 MP: 3/3
   487 | D:1      | Reached XP level 2. HP: 7/15 MP: 0/5
   544 | D:1      | Reached skill level 4 in Earth Magic
  1202 | D:1      | Reached XP level 3. HP: 15/20 MP: 2/6
  1877 | D:2      | Reached XP level 4. HP: 21/24 MP: 4/7
  1930 | D:2      | Found a blossoming altar of Fedhas.
  2171 | D:2      | Found a glowing golden altar of the Shining One.
  2232 | D:2      | Found a sparkling altar of Nemelex Xobeh.
  2320 | D:2      | Found a glowing silver altar of Zin.
  2320 | D:2      | Found an opulent altar of Gozag.
  2349 | D:2      | Found a stormy altar of Qazlal.
  2811 | D:3      | Found a shattered altar of Ashenzari.
  3455 | D:3      | Reached XP level 5. HP: 28/28 MP: 6/9
  3491 | D:3      | Learned a level 2 spell: Stoneskin
  3632 | D:3      | Reached skill level 5 in Earth Magic
  3901 | D:3      | Reached skill level 1 in Fighting
  4004 | D:4      | Slain by a worker ant

Action                   |  1- 3 |  4- 6 || total
-------------------------+-------+-------++-------
Melee: Unarmed           |   131 |       ||   131
       Whip              |       |   139 ||   139
 Cast: Sandblast         |    53 |    67 ||   120
       Stoneskin         |       |     3 ||     3
Evoke: Wand              |       |     1 ||     1
  Use: Scroll            |       |     1 ||     1
 Stab: Sleeping          |     1 |     1 ||     2
  Eat: Chunk             |     4 |     7 ||    11
       Meat ration       |       |     1 ||     1
